Cogmind - Beta 15 @@@ ROGUE MODE // 2025.06.29 @ 18:38:30 Player: Demo Result: Destroyed by G-67 Veteran with Field Laser Performance ------------- Evolutions (5) 2500 Regions Visited (15) 3000 Robots Destroyed (195) 975 Value Destroyed (11211) 11211 Prototype IDs (48) 960 Alien Tech Used (0) 0 Bonus (7775) 7775 TOTAL SCORE: 26421 Bonus ------- High Alert Combat Kills 2953 Follower Combat Kills 1461 Entered Garrisons 800 Used RIF Installer 2500 Aligned with FarCom 300 Friendly Fire -239 Cogmind --------- Core Integrity 0/1000 Matter 300/300 Energy 100/100 System Corruption 2% Temperature Cool (21) Movement Core (50) Location -5/Factory Parts ------- > --- POWER (1) -------- (None) > --- PROPULSION (4) --- Flexi-carbon Leg Flexi-carbon Leg > --- UTILITY (8) ------ Targeting Computer Improved Target Analyzer Core Analyzer > --- WEAPON (4) ------- (None) > --- INVENTORY (5) ---- Huge Storage Unit Matter Compressor (250) Improved Kinecellerator Relay Coupler [Proto] (9) Improved Remote Datajack Peak State ------------ > --- POWER ------------ Light Angular Momentum Engine > --- PROPULSION ------- Flexi-carbon Leg Multireflex Exoskeleton Potential Leg > --- UTILITY ---------- Advanced Heat Sink Advanced Heat Sink Advanced Cooling System High-capacity Storage Unit Improved Light Armor Plating Layered Medium Armor Plating Improved Focal Shield Relay Coupler [NC] > --- WEAPON ----------- Force Rifle Hypervelocity Gauss Rifle Hypervelocity Gauss Rifle Hypervelocity Gauss Rifle > --- INVENTORY -------- Flexi-carbon Leg Matter Compressor Improved Kinecellerator Layered Heavy Armor Plating Relay Coupler [Proto] Relay Coupler [Proto] Relay Coupler [Proto] Hypervelocity Gauss Rifle Hypervelocity Gauss Rifle Mini Grenade Launcher Mini Grenade Launcher Remote Datajack Improved Plasma Cutter Force Lance Force Lance Stasis Trap Deploy-a-Sentry Deploy-a-Sentry Deploy-a-Sentry [Rating: 96] Favorites ----------- Power Cooled Ion Engine Engine Cooled Ion Engine Propulsion Potential Leg Treads Light Treads Leg Potential Leg Wheel Armored Wheel Utility High-capacity Storage Unit Device Advanced Heat Sink Storage High-capacity Storage Unit Processor Improved Target Analyzer Hackware Relay Coupler [NC] Protection Improved Light Armor Plating Weapon Force Rifle Energy Gun Force Rifle Energy Cannon Light EM Pulse Cannon Ballistic Gun Precision Assault Rifle Ballistic Cannon Improved Light Cannon Launcher Mini Grenade Launcher Special Weapon Remote Datajack Slashing Weapon Molecular Scythe Piercing Weapon Force Lance Build | -11 -10 -10 -10 -9 -8 -8 -8 -8 -7 -7 -6 -6 -6 -6 -5 ------- Run | Yrd Mat Min Exi Min Mat Gar Mat Gar Fac Gar Fac Was Fac Gar Fac Slots Evolved 10 | . . . . . 4 . . . 2 . 2 . . . 2 Power . | . . . . . . . . . . . . . . . . Propulsion 2 | . . . . . 1 . . . . . . . . . 1 Utility 6 | . . . . . 2 . . . 2 . 2 . . . . Weapon 2 | . . . . . 1 . . . . . . . . . 1 Parts Attached 163 | 2 . 7 1 10 19 8 4 5 3 20 2 1 12 39 30 Power 11 | . . . . 1 2 . . . 1 . . . 2 3 2 Engine 11 | . . . . 1 2 . . . 1 . . . 2 3 2 Core . | . . . . . . . . . . . . . . . . Reactor . | . . . . . . . . . . . . . . . . Propulsion 38 | 2 . 2 . 2 4 6 1 . . 6 . . 2 5 8 Treads 11 | 2 . . . . 1 5 1 . . 2 . . . . . Leg 19 | . . . . . . . . . . 4 . . 2 5 8 Wheel 8 | . . 2 . 2 3 1 . . . . . . . . . Hover . | . . . . . . . . . . . . . . . . Flight . | . . . . . . . . . . . . . . . . Utility 71 | . . 3 1 1 4 1 . 4 1 12 2 . 5 27 10 Device 21 | . . . . 1 . . . 2 . 2 1 . 3 8 4 Storage 4 | . . 3 1 . . . . . . . . . . . . Processor 7 | . . . . . . . . 1 . . . . . 1 5 Hackware 15 | . . . . . 1 . . . 1 4 . . 1 8 . Protection 24 | . . . . . 3 1 . 1 . 6 1 . 1 10 1 Artifact . | . . . . . . . . . . . . . . . . Weapon 43 | . . 2 . 6 9 1 3 1 1 2 . 1 3 4 10 Energy Gun 11 | . . 2 . 1 3 . . . . 1 . . 3 . 1 Energy Cannon 1 | . . . . . 1 . . . . . . . . . . Ballistic Gun 21 | . . . . 4 3 . 3 1 . 1 . . . 3 6 Ballistic Cannon 1 | . . . . 1 . . . . . . . . . . . Launcher 3 | . . . . . 2 1 . . . . . . . . . Special Weapon 3 | . . . . . . . . . 1 . . . . 1 1 Impact Weapon . | . . . . . . . . . . . . . . . . Slashing Weapon 1 | . . . . . . . . . . . . 1 . . . Piercing Weapon 2 | . . . . . . . . . . . . . . . 2 Special Melee Weapon . | . . . . . . . . . . . . . . . . Unidentified Prototypes 10 | . . . . . 4 . 1 . . 1 . 1 2 . 1 Parts Lost 41 | . . 1 . 2 . 3 . 4 . 2 . . 2 4 23 Power 2 | . . . . . . . . . . . . . . . 2 Propulsion 12 | . . . . 1 . 2 . . . 1 . . . . 8 Utility 13 | . . 1 . . . 1 . 3 . 1 . . 1 3 3 Weapon 14 | . . . . 1 . . . 1 . . . . 1 1 10 Highest Loss Streak 23 | . . 1 . 2 . 1 . 2 . 1 . . 1 2 23 To Critical Strikes . | . . . . . . . . . . . . . . . . Average Backups 12 | . . 6 11 13 12 12 13 12 12 13 13 13 13 13 14 Power . | . . . . . . . . . . . . . . . . Propulsion 2 | . . . 2 3 3 3 3 3 4 2 . . 1 1 . Utility 6 | . . 2 6 5 3 4 5 4 4 5 9 9 8 8 6 Weapon 3 | . . 2 3 4 4 5 5 3 3 3 3 4 4 3 5 Tool/Special . | . . . . . . . . . . . . . . . . Unused Backups 51 | . . 3 7 7 6 2 . 1 . 5 . . 2 8 10 Power 2 | . . . . 1 . . . . . . . . . . 1 Propulsion 3 | . . . . . . 1 . . . 1 . . . . 1 Utility 35 | . . 3 7 5 1 1 . 1 . 4 . . . 8 5 Weapon 9 | . . . . 1 5 . . . . . . . 2 . 1 Tool/Special 2 | . . . . . . . . . . . . . . . 2 Average Slot Usage (%) 90 | . 28 66 85 93 98 98 100 99 92 93 82 85 86 94 86 Engine 6 | . . . . 7 9 9 9 9 7 7 6 6 6 6 4 Treads 5 | . 28 16 14 11 5 9 9 9 7 5 . . . . . Leg 9 | . . . . . . . . . . 13 20 20 19 20 16 Wheel 7 | . . 11 14 16 21 17 18 18 15 3 . . . . . Device 10 | . . . . 6 9 1 9 6 7 8 17 20 16 19 13 Storage 11 | . . 19 28 21 9 9 9 12 15 10 11 13 9 6 4 Processor 1 | . . . . . . . . 4 . . . . . . 7 Hackware 7 | . . . . . 5 9 9 5 7 9 6 6 10 13 6 Protection 7 | . . . . . 12 15 9 7 7 12 6 6 8 7 8 Energy Gun 8 | . . 17 28 3 4 9 9 2 . . . . 2 14 4 Ballistic Gun 11 | . . . . 24 17 15 18 24 21 18 10 5 5 3 12 Peak Build Rating 96 | 2 2 7 12 15 31 35 40 42 40 79 84 83 90 93 96 Average Rating 53 | 1 2 5 7 13 25 33 36 38 37 58 82 82 85 85 83 On Entrance 39 | . 2 2 6 12 14 30 33 40 37 40 79 83 83 86 80 Naked Turns . | . . . . . . . . . . . . . . . . Heaviest Build 91 | . . 12 47 49 66 70 64 68 71 81 86 85 91 91 89 Greatest Support 92 | 3 3 16 10 26 36 40 24 24 24 87 87 87 92 92 86 Greatest Overweight (x) 6 | . . 1 4 4 2 6 2 2 2 5 . . 1 1 2 Average Overweight (x) . | . . . 2 3 1 2 2 2 2 . . . . . . Largest Inventory Capacity 20 | 5 5 8 20 20 20 20 20 20 20 20 20 20 20 20 20 Average Capacity 18 | 5 5 6 16 20 20 20 20 20 20 20 20 20 20 20 19 Most Carried 20 | . 2 8 17 20 20 20 20 20 20 20 20 20 20 20 20 Average Carried 18 | . . 6 12 18 19 19 19 19 19 19 19 20 19 19 18 Final Capacity 20 | 5 5 8 20 20 20 20 20 20 20 20 20 20 20 20 5 Final Carried 20 | . 2 8 17 20 20 20 20 20 20 20 20 20 19 20 5 Class Distribution -------------------- 35% | Bothacker-Tank 16% | Botlord-Tank 15% | Mutant 6% | Scavenger-Skirmisher 5% | Scavenger-Mutant 5% | Skirmisher 4% | Bothacker-Skirmisher 4% | Tank Dominant Class ---------------- Mutant | -10/Materials Mutant | -10/Mines Mutant | -10/Exiles Scavenger-Mutant | -9/Mines Scavenger-Skirmisher | -8/Materials Tank | -8/Garrison Skirmisher | -8/Materials Bothacker-Skirmisher | -8/Garrison Bothacker-Tank | -7/Factory Bothacker-Tank | -7/Garrison Botlord-Tank | -6/Factory Botlord-Tank | -6/Waste Bothacker-Tank | -6/Factory Botlord-Tank | -6/Garrison Bothacker-Tank | -5/Factory Resources | -11 -10 -10 -10 -9 -8 -8 -8 -8 -7 -7 -6 -6 -6 -6 -5 ----------- Run | Yrd Mat Min Exi Min Mat Gar Mat Gar Fac Gar Fac Was Fac Gar Fac Matter Collected 6198 | 163 . 230 70 152 358 574 24 400 . 872 . . 513 1305 1537 Remotely . | . . . . . . . . . . . . . . . . Salvage Created 9423 | . . 253 . 165 620 586 24 518 . 1453 . . 814 2153 2837 Parts 498 | . . 12 . 10 39 29 2 32 . 68 . . 49 129 128 Haulers Intercepted 3 | . . . . . 2 . . . . . . . 1 . . Recyclers Shooed 7 | . . 1 . 2 . . . . . . . . 1 . 3 Parts Field Recycled . | . . . . . . . . . . . . . . . . Retrieved Matter . | . . . . . . . . . . . . . . . . Parts Self-Destructed . | . . . . . . . . . . . . . . . . Prevented . | . . . . . . . . . . . . . . . . Kills | -11 -10 -10 -10 -9 -8 -8 -8 -8 -7 -7 -6 -6 -6 -6 -5 ------- Run | Yrd Mat Min Exi Min Mat Gar Mat Gar Fac Gar Fac Was Fac Gar Fac Combat Hostiles Destroyed 164 | . . 1 . 3 6 15 . 16 . 30 . . 19 36 38 Melee 3 | . . . . . . . . . . . . . 1 . 2 Guns 130 | . . . . 3 5 11 . 11 . 20 . . 14 35 31 Cannons 1 | . . . . . 1 . . . . . . . . . . AOE 28 | . . . . . . 4 . 5 . 10 . . 4 . 5 Classes Destroyed 20 | . . 4 . 2 5 1 . 1 . 1 . . 3 2 1 Worker 5 | . . . . . . . . . . . . . 1 . 4 Builder 5 | . . 1 . 1 . . . . . . . . 1 . 2 Tunneler 4 | . . 2 . . . . 1 . . . . . 1 . . Hauler 3 | . . . . . 2 . . . . . . . 1 . . Recycler 9 | . . 2 . 1 2 . . . . . . . . . 4 Mechanic 1 | . . . . . . . . . . . . . . . 1 Operator 1 | . . . . . 1 . . . . . . . . . . Watcher 2 | . . . . . 1 . . . . 1 . . . . . Swarmer 48 | . . . . 1 . 3 . 3 . 10 . . 11 13 7 Cutter 2 | . . . . . . 1 . . . . . . . 1 . Saboteur 1 | . . . . . . . . . . . . . 1 . . Grunt 58 | . . 1 . . 2 9 . 5 . 12 . . 4 9 16 Brawler 2 | . . . . . . . . . . 1 . . . 1 . Duelist 2 | . . . . . . . . . . . . . . 1 1 Sentry 17 | . . . . . 3 1 . 2 . 3 . . . 7 1 Demolisher 3 | . . . . 2 . 1 . . . . . . . . . Specialist 6 | . . . . . . . . . . . . . . 1 5 Hunter 12 | . . . . . 1 . . 2 . 1 . . 1 2 5 Programmer 12 | . . . . . . . . 4 . 3 . . 1 1 3 Behemoth 1 | . . . . . . . . . . . . . 1 . . Thug 1 | . . . . . . 1 . . . . . . . . . Best Kill Streak 11 | . . 3 . 2 3 4 1 6 . 11 . . 6 5 10 Combat Bots Only 11 | . . 1 . 2 2 4 . 6 . 11 . . 5 5 8 Max Kills in Single Turn 4 | . . 1 . 1 1 2 1 2 . 4 . . 2 2 2 Gunslinging 1 | . . . . . . 1 . 1 . . . . . . . Exploded 4 | . . . . . . 1 . 2 . 4 . . 1 . 2 Melee 1 | . . . . . . . . . . . . . 1 . 1 Uniques/NPCs Destroyed . | . . . . . . . . . . . . . . . . Combat | -11 -10 -10 -10 -9 -8 -8 -8 -8 -7 -7 -6 -6 -6 -6 -5 -------- Run | Yrd Mat Min Exi Min Mat Gar Mat Gar Fac Gar Fac Was Fac Gar Fac Hostile Shots Fired 1215 | . 5 8 . 21 8 56 . 63 . 108 . . 163 373 410 Missed 374 | . 3 3 . 6 1 10 . 25 . 38 . . 53 112 123 Hits 841 | . 2 5 . 15 7 46 . 38 . 70 . . 110 261 287 Melee 5 | . . . . . . 1 . . . . . . . 4 . Projectile 836 | . 2 5 . 15 7 45 . 38 . 70 . . 110 257 287 AOE 15 | . . . . 11 . 3 . . . . . . . 1 . Critical Strikes 16 | . . . . . . 1 . 2 . 2 . . 2 4 5 Damage Taken 13186 | . 21 88 . 509 134 871 . 640 . 879 . . 2155 2852 5037 Core 1855 | . . 40 . 69 26 102 . 100 . 41 . . 134 332 1011 Absorbed by Shields 44 | . . . . . . . . . . 44 . . . . . Ignored by Resistances 499 | . . . . . . . . . . . . . . 168 331 Regen/Repaired (Parts) 500 | . . . . . . . . . . . . . . 500 . Core Remaining (%) 70 | 100 . . . 56 . . . 58 . 94 . . . 45 . Volleys Fired 592 | . . 40 . 27 26 72 1 44 1 70 2 9 56 128 116 Largest 4 | . . 2 . 2 3 3 3 3 1 3 1 1 3 3 4 Hottest 240 | . . 90 . 90 99 118 106 110 5 150 5 5 240 240 179 Shots Fired 1292 | . . 46 . 54 68 131 3 97 1 193 2 9 148 283 257 Gun 1159 | . . 46 . 52 58 119 3 87 . 187 . . 116 267 224 Cannon 7 | . . . . 2 5 . . . . . . . . . . Launcher 47 | . . . . . 5 12 . 10 . 3 . . 6 . 11 Special 79 | . . . . . . . . . 1 3 2 9 26 16 22 Kinetic 684 | . . . . 46 42 47 2 62 . 176 . . 82 49 178 Thermal 363 | . . 46 . 8 . . . . . 11 . . 34 218 46 Explosive 47 | . . . . . 5 12 . 10 . 3 . . 6 . 11 Electromagnetic 119 | . . . . . 21 72 1 25 . . . . . . . Robot Hit Streak 57 | . . 5 . 11 19 10 1 30 31 57 1 6 12 14 14 Robot Miss Streak 5 | . . 4 . 3 2 4 2 2 . 3 1 1 4 5 3 Penetration Max 3 | . . . . . . . . . . . . . 1 2 3 Secondary Targets 20 | . . . . . . 5 . 3 . . . . . 7 5 Max Gunslinging Chain 1 | . . . . . . 1 . 1 . . . . . 1 1 Autonomous 127 | . . . . . . . . . . 43 . . 84 . . Shots Hit Robots 758 | . . 28 . 34 42 41 1 48 1 140 1 7 100 155 160 Core Hits 401 | . . 7 . 14 24 38 1 33 . 73 . . 39 68 104 Critical Kills 45 | . . . . . . . . 1 . . . . . 15 29 Critical Parts Destroyed 59 | . . . . . . . . . . 1 . . 2 15 41 Critical Strikes 109 | . . 2 . . . 1 . 1 . 1 . . 2 30 72 Burn 2 | . . 2 . . . . . . . . . . . . . Destroy 104 | . . . . . . . . 1 . 1 . . 2 30 70 Corrupt 1 | . . . . . . 1 . . . . . . . . . Impale 2 | . . . . . . . . . . . . . . . 2 Melee Attacks 16 | . . . . . . . . . . . . . . . 16 Impact . | . . . . . . . . . . . . . . . . Slashing . | . . . . . . . . . . . . . . . . Piercing 16 | . . . . . . . . . . . . . . . 16 Sneak Attacks . | . . . . . . . . . . . . . . . . Combat Hostiles . | . . . . . . . . . . . . . . . . Follow-up Attacks 1 | . . . . . . . . . . . . . . . 1 Damage Inflicted 17949 | . . 339 . 242 583 1444 18 1573 . 3928 . . 3380 3402 3040 Guns 13171 | . . 339 . 242 482 620 18 837 . 3034 . . 2709 3337 1553 Cannons 72 | . . . . . 72 . . . . . . . . . . Explosions 3815 | . . . . . 29 824 . 736 . 600 . . 622 . 1004 Melee 440 | . . . . . . . . . . . . . . . 440 Ramming 451 | . . . . . . . . . . 294 . . 49 65 43 Kinetic 7589 | . . . . 206 313 273 18 649 . 2745 . . 2191 226 968 Thermal 5181 | . . 339 . 36 22 105 . . . 289 . . 558 3111 721 Explosive 3512 | . . . . . 7 719 . 736 . 600 . . 582 . 868 Electromagnetic 776 | . . . . . 241 347 . 188 . . . . . . . Impact . | . . . . . . . . . . . . . . . . Slashing . | . . . . . . . . . . . . . . . . Piercing 440 | . . . . . . . . . . . . . . . 440 Highest Corruption 18 | . . . . . . . 2 5 . . . 15 15 18 2 Average Corruption 11 | . . . . . . . 2 4 . . . 11 14 14 2 Corruption Purged 2 | . . . . . . . . . . . . . 2 . . Corruption Blocked . | . . . . . . . . . . . . . . . . Effects 194 | . . . . . . . 2 22 . . . 8 44 108 10 Message Errors 45 | . . . . . . . 1 6 . . . 2 12 23 1 Matter Fused 48 | . . . . . . . . 6 . . . 2 9 30 1 Heat Flow Errors 26 | . . . . . . . 1 2 . . . . 9 13 1 Energy Discharges 17 | . . . . . . . . 3 . . . . 3 9 2 Parts Rejected 4 | . . . . . . . . 1 . . . . 2 . 1 Parts Fused 2 | . . . . . . . . . . . . 1 1 . . Data Loss (minor) 21 | . . . . . . . . 1 . . . 2 4 11 3 Data Loss (major) 6 | . . . . . . . . . . . . 1 1 4 . Misfires 2 | . . . . . . . . 1 . . . . . 1 . Alerts 11 | . . . . . . . . 1 . . . . 2 8 . Misdirections 5 | . . . . . . . . . . . . . 1 4 . Weapon Failures 7 | . . . . . . . . 1 . . . . . 5 1 Overload Shots . | . . . . . . . . . . . . . . . . Overflow Damage 105 | . . . . . . 5 . 19 . 3 . . . . 78 Projectiles . | . . . . . . . . . . . . . . . . Explosions 52 | . . . . . . 5 . 19 . . . . . . 28 Melee 53 | . . . . . . . . . . 3 . . . . 50 Knockbacks 10 | . . . . . . . . . . 9 . . . 1 . Impact 10 | . . . . . . . . . . 9 . . . 1 . Kinetic . | . . . . . . . . . . . . . . . . Secondary . | . . . . . . . . . . . . . . . . Self-Inflicted Damage 695 | . . . . . 24 145 . 72 . 9 . . 160 . 285 Shots 23 | . . . . . 1 6 . 2 . 1 . . 5 . 8 Rammed 81 | . . . . . . . . . . 81 . . . . . Targets Rammed 100 | . . . . . . . . . . 81 . . 7 7 5 Kicked 19 | . . . . . . . . . . . . . 7 7 5 Crushed . | . . . . . . . . . . . . . . . . Highest Temperature 441 | . . 60 . 60 104 240 151 297 . 130 . . 258 441 254 Average Temperature 88 | . . 22 . 24 33 58 56 90 . 33 . . 104 130 45 Received Heat Transfer 2551 | . 12 51 . . 9 306 . 135 . 264 . . 390 808 576 Effects 10 | . . . . . . . . . . . . . 3 7 . Shutdowns 1 | . . . . . . . . . . . . . . 1 . Energy Bleed 2 | . . . . . . . . . . . . . 1 1 . Interference 6 | . . . . . . . . . . . . . 2 4 . Damage (minor) 1 | . . . . . . . . . . . . . . 1 . Siege Activations . | . . . . . . . . . . . . . . . . Martial Activations . | . . . . . . . . . . . . . . . . Shielding Activations . | . . . . . . . . . . . . . . . . Robots Disrupted . | . . . . . . . . . . . . . . . . Combat Hostiles . | . . . . . . . . . . . . . . . . Robots Corrupted 1 | . . . . . . . . . . 1 . . . . . Combat Hostiles . | . . . . . . . . . . . . . . . . Parts Fried 1 | . . . . . . 1 . . . . . . . . . Impact Corruptions 1 | . . . . . . . . . . 1 . . . . . Robots Melted 3 | . . 1 . . . . . . . . . . 1 1 . Combat Hostiles 2 | . . 1 . . . . . . . . . . . 1 . Parts Melted 11 | . . 4 . . . . . . . 1 . . 2 4 . Heat Transferred 8305 | . . 1148 . 99 50 74 . . . 370 . . 827 4699 1038 Parts Sabotaged . | . . . . . . . . . . . . . . . . Parts Stolen . | . . . . . . . . . . . . . . . . Parts Stripped . | . . . . . . . . . . . . . . . . Power Chain Reactions 3 | . . . . . 1 2 . . . . . . . . . Alert | -11 -10 -10 -10 -9 -8 -8 -8 -8 -7 -7 -6 -6 -6 -6 -5 ------- Run | Yrd Mat Min Exi Min Mat Gar Mat Gar Fac Gar Fac Was Fac Gar Fac Maximum Alert Level 5 | . . . . . . 3 2 3 1 4 3 1 2 5 5 Low Security (%) 29 | 100 100 100 . 100 100 22 . . . . . 50 51 . . Level 1 11 | . . . . . . 11 34 23 100 27 . 49 28 . . Level 2 19 | . . . . . . 43 65 40 . 18 2 . 19 14 29 Level 3 21 | . . . . . . 22 . 36 . 31 97 . . 32 43 Level 4 11 | . . . . . . . . . . 22 . . . 23 24 Level 5 6 | . . . . . . . . . . . . . . 28 2 High Security . | . . . . . . . . . . . . . . . . Max Security . | . . . . . . . . . . . . . . . . Peak Influence 2375 | . . 116 . 129 167 935 455 737 386 1404 737 243 536 2375 1663 Initial 1243 | . . . . . . 72 455 228 386 221 737 243 100 368 1243 Average 615 | . . 19 . 22 82 514 414 551 354 726 720 196 224 1253 909 Influence Increases 8603 | . . 182 . 221 368 973 6 549 . 1243 . . 841 2290 1930 Destroy 0b10 Robot/C 4200 | . . 80 . 160 120 460 . 320 . 640 . . 380 1100 940 Destroy 0b10 Robot/NC 190 | . . 25 . 10 30 . 5 . . 20 . . 20 20 60 Destroy Leader 488 | . . 20 . 30 46 20 . 10 . 50 . . 52 60 200 Allied During Kill 242 | . . 27 . 21 . 28 . . . 4 . . . 64 98 Trap Triggered on 0b10 10 | . . . . . . . . . . . . . . . 10 Successful Hack 151 | . . . . . 38 6 . 16 . 14 . . . 14 63 Disable Machine 300 | . . . . . 60 30 . . . 15 . . 150 . 45 Anti-Garrison Action 1750 | . . . . . . 300 . 100 . 400 . . . 800 150 Destroy Structure 642 | . . . . . 59 114 1 73 . 70 . . 104 67 154 Partial Spotted 75 | . . . . . 15 15 . . . . . . . 45 . Lose Combat Pursuer 555 | . . 30 . . . . . 30 . 30 . . 135 120 210 Influence Decreases 6944 | . . 182 . 221 257 149 590 163 421 155 707 554 458 448 2639 Entered New Map 3535 | . . . . . . 39 480 123 351 95 667 454 43 158 1125 Time Decay 1829 | . . 172 . 201 257 . 90 . 70 . 40 100 385 . 514 Lost Part 390 | . . 10 . . . 30 . 40 . 20 . . 20 40 230 Lost Ally 590 | . . . . 20 . 80 20 . . 40 . . 10 250 170 Purge Threat 600 | . . . . . . . . . . . . . . . 600 Squads Dispatched 36 | . . . . . 3 . 1 . . . 1 . 7 . 24 Investigation 7 | . . . . . 2 . 1 . . . 1 . 1 . 2 Extermination 3 | . . . . . . . . . . . . . 1 . 2 Reinforcement 13 | . . . . . 1 . . . . . . . 2 . 10 Assault 9 | . . . . . . . . . . . . . 2 . 7 Garrison 4 | . . . . . . . . . . . . . 1 . 3 Intercept . | . . . . . . . . . . . . . . . . Searches Triggered . | . . . . . . . . . . . . . . . . Construction Impeded 4 | . . . . . 1 . . . . . . . . . 3 Haulers Reinforced 3 | . . . . . . . . . . . . . 1 . 2 Active Scanning Responses . | . . . . . . . . . . . . . . . . Cargo Convoy Interrupts 1 | . . . . . . . . . . . . . . . 1 Stealth | -11 -10 -10 -10 -9 -8 -8 -8 -8 -7 -7 -6 -6 -6 -6 -5 --------- Run | Yrd Mat Min Exi Min Mat Gar Mat Gar Fac Gar Fac Was Fac Gar Fac Distress Signals 6 | . 1 . . 1 1 . . . . 1 . . . . 2 Communications Jammed . | . . . . . . . . . . . . . . . . Distress Signals . | . . . . . . . . . . . . . . . . Times Spotted 291 | . 3 6 . 8 9 20 1 15 . 32 . 4 44 63 86 Peak Tracking Total 12 | . 3 4 . 3 3 5 2 4 . 7 . 2 8 8 12 Tactical Retreats 23 | . . 1 . . . . . 1 . 1 . . 7 6 7 Traps | -11 -10 -10 -10 -9 -8 -8 -8 -8 -7 -7 -6 -6 -6 -6 -5 ------- Run | Yrd Mat Min Exi Min Mat Gar Mat Gar Fac Gar Fac Was Fac Gar Fac Traps Triggered 27 | . . . . . 1 12 1 2 . 2 1 . 1 6 1 Indirectly . | . . . . . . . . . . . . . . . . Trap Hack Attempts . | . . . . . . . . . . . . . . . . Triggered . | . . . . . . . . . . . . . . . . Disarmed . | . . . . . . . . . . . . . . . . Reprogrammed 1 | . . . . . 1 . . . . . . . . . . Reused 1 | . . . . . . . . . . . . . . . 1 Traps Extracted . | . . . . . . . . . . . . . . . . Installed 1 | . . . . . . . . . . . . . . . 1 Triggered 1 | . . . . . . . . . . . . . . . 1 Most Traps Carried 3 | . . . . 3 3 3 3 3 3 3 3 3 3 2 1 Machines | -11 -10 -10 -10 -9 -8 -8 -8 -8 -7 -7 -6 -6 -6 -6 -5 ---------- Run | Yrd Mat Min Exi Min Mat Gar Mat Gar Fac Gar Fac Was Fac Gar Fac Machines Disabled 42 | . . . . . 4 6 . 2 . 8 . . 10 8 4 Max in Single Turn 5 | . . . . . 3 2 . 1 . 2 . . 5 2 2 Garrison Access 4 | . . . . . . . . . . . . . 1 . 3 Garrison Relay 15 | . . . . . . 4 . 2 . 5 . . . 4 . Phase Generator 2 | . . . . . . . . . . 1 . . . 1 . Machines Repaired . | . . . . . . . . . . . . . . . . Machines Dismantled . | . . . . . . . . . . . . . . . . Machines Sabotaged . | . . . . . . . . . . . . . . . . Overloaded Fab Kills . | . . . . . . . . . . . . . . . . Hacking | -11 -10 -10 -10 -9 -8 -8 -8 -8 -7 -7 -6 -6 -6 -6 -5 --------- Run | Yrd Mat Min Exi Min Mat Gar Mat Gar Fac Gar Fac Was Fac Gar Fac Machines Accessed 31 | . . . 2 . 9 2 1 1 1 2 1 . 3 3 6 Terminals 19 | . . . . . 6 2 . 1 . 2 . . 2 3 3 Fabricators 3 | . . . . . . . . . . . 1 . . . 2 Repair Stations . | . . . . . . . . . . . . . . . . Recycling Units 1 | . . . . . 1 . . . . . . . . . . Scanalyzers 1 | . . . . . 1 . . . . . . . . . . Garrison Access 5 | . . . . . 1 . 1 . 1 . . . 1 . 1 Total Hacks 81 | . . . 2 . 35 3 3 3 2 2 4 . 10 8 9 Successful 41 | . . . 2 . 23 1 1 1 1 1 2 . 2 1 6 Failed 40 | . . . . . 12 2 2 2 1 1 2 . 8 7 3 Catastrophic 8 | . . . . . 1 . 1 1 1 . . . 2 . 2 Database Lockouts . | . . . . . . . . . . . . . . . . Manual 37 | . . . 1 . 18 . 2 1 1 . . . 9 . 5 Terminals 58 | . . . . . 29 3 . 3 . 2 . . 9 8 4 Fabricators 7 | . . . . . . . . . . . 4 . . . 3 Repair Stations . | . . . . . . . . . . . . . . . . Recycling Units 2 | . . . . . 2 . . . . . . . . . . Scanalyzers 2 | . . . . . 2 . . . . . . . . . . Garrison Access 10 | . . . . . 2 . 3 . 2 . . . 1 . 2 Terminal Hacks 17 | . . . 2 . 10 1 . 1 . 1 . . . 1 1 Record 1 | . . . 1 . . . . . . . . . . . . Part Schematic 2 | . . . . . 2 . . . . . . . . . . Open Door 1 | . . . . . . 1 . . . . . . . . . Emergency Access Points 3 | . . . . . 1 . . . . 1 . . . 1 . Terminal Index 1 | . . . . . 1 . . . . . . . . . . Alert Level 1 | . . . . . 1 . . . . . . . . . . Locate Traps 1 | . . . . . . . . . . . . . . . 1 Reprogram Traps 1 | . . . . . 1 . . . . . . . . . . Surveillance Status 1 | . . . . . 1 . . . . . . . . . . Patrol Status 1 | . . . . . 1 . . . . . . . . . . Recall Reinforcements 1 | . . . . . 1 . . . . . . . . . . Zone Layout 1 | . . . . . 1 . . . . . . . . . . Security Stations 1 | . . . . . . . . 1 . . . . . . . Proto ID Catalog 1 | . . . 1 . . . . . . . . . . . . Fabricator Hacks 2 | . . . . . . . . . . . 2 . . . . Load Schematic 1 | . . . . . . . . . . . 1 . . . . Build 1 | . . . . . . . . . . . 1 . . . . Repair Station Hacks . | . . . . . . . . . . . . . . . . Recycling Unit Hacks . | . . . . . . . . . . . . . . . . Scanalyzer 2 | . . . . . 2 . . . . . . . . . . Insert Component 1 | . . . . . 1 . . . . . . . . . . Analyze 1 | . . . . . 1 . . . . . . . . . . Garrison Access Hacks 5 | . . . . . 1 . 1 . 1 . . . 1 . 1 Unlock Access 5 | . . . . . 1 . 1 . 1 . . . 1 . 1 Unauthorized Hacks 15 | . . . . . 10 . . . . . . . 1 . 4 Terminals 10 | . . . . . 8 . . . . . . . 1 . 1 Botnet 7 | . . . . . 5 . . . . . . . 1 . 1 Disrupt 2 | . . . . . 2 . . . . . . . . . . Operators 1 | . . . . . 1 . . . . . . . . . . Fabricators 2 | . . . . . . . . . . . . . . . 2 Fabnet 2 | . . . . . . . . . . . . . . . 2 Repair Stations . | . . . . . . . . . . . . . . . . Recycling Units 2 | . . . . . 2 . . . . . . . . . . Monitor 1 | . . . . . 1 . . . . . . . . . . Recyclers 1 | . . . . . 1 . . . . . . . . . . Scanalyzers . | . . . . . . . . . . . . . . . . Garrison Access 1 | . . . . . . . . . . . . . . . 1 Reprogram 1 | . . . . . . . . . . . . . . . 1 Data Cores Recovered 1 | . . . . . 1 . . . . . . . . . . Used 1 | . . . . . 1 . . . . . . . . . . Hacking Detections 27 | . . . . . 9 1 1 1 1 2 1 . 3 2 6 Full Trace Events 5 | . . . . . 1 . 1 . . . 1 . 1 1 . Feedback Events . | . . . . . . . . . . . . . . . . Feedback Blocked . | . . . . . . . . . . . . . . . . Robot Schematics Acquired . | . . . . . . . . . . . . . . . . Robots Built . | . . . . . . . . . . . . . . . . Authchips . | . . . . . . . . . . . . . . . . Time . | . . . . . . . . . . . . . . . . Total Robot Build Rating . | . . . . . . . . . . . . . . . . Part Schematics Acquired 3 | . . . . . 3 . . . . . . . . . . Parts Built . | . . . . . . . . . . . . . . . . Authchips . | . . . . . . . . . . . . . . . . Time 25 | . . . . . . . . . . . 25 . . . . Total Part Build Rating . | . . . . . . . . . . . . . . . . Parts Repaired . | . . . . . . . . . . . . . . . . Time . | . . . . . . . . . . . . . . . . Parts Recycled . | . . . . . . . . . . . . . . . . Recycled Matter . | . . . . . . . . . . . . . . . . Retrieved Matter . | . . . . . . . . . . . . . . . . Retrieved Components . | . . . . . . . . . . . . . . . . Parts Scanalyzed 1 | . . . . . 1 . . . . . . . . . . Part Schematics Acquired 1 | . . . . . 1 . . . . . . . . . . Parts Damaged . | . . . . . . . . . . . . . . . . Bothacking | -11 -10 -10 -10 -9 -8 -8 -8 -8 -7 -7 -6 -6 -6 -6 -5 ------------ Run | Yrd Mat Min Exi Min Mat Gar Mat Gar Fac Gar Fac Was Fac Gar Fac Used RIF Installer 5 | . . . . . . 1 . 2 . 1 . . . 1 . Hotswap 1 | . . . . . . . . . . 1 . . . . . Watcher Feeds 1 | . . . . . . . . 1 . . . . . . . Alert ID Control 1 | . . . . . . . . . . . . . . 1 . Program Shield 1 | . . . . . . . . 1 . . . . . . . Robots Hacked 36 | . . . . . . . . . 1 1 1 6 10 8 9 Non-combat 19 | . . . . . . . . . 1 . 1 . 8 1 8 Combat 17 | . . . . . . . . . . 1 . 6 2 7 1 Robot Hacks Applied 53 | . . . . . . . . . 1 1 1 8 16 8 18 parse_system 4 | . . . . . . . . . . . . 2 1 . 1 generate_anomaly 1 | . . . . . . . . . . . . . 1 . . map_walls 1 | . . . . . . . . . . . . . . . 1 map_earth 1 | . . . . . . . . . . . 1 . . . . find_dsf 1 | . . . . . . . . . . . . . 1 . . drop_inventory 8 | . . . . . . . . . 1 . . . 5 . 2 ignore_parts 5 | . . . . . . . . . . . . . . . 5 purge_threat 7 | . . . . . . . . . . . . . . . 7 locate_traps 1 | . . . . . . . . . . . . . 1 . . reprogram_traps 1 | . . . . . . . . . . . . . 1 . . summon_haulers 1 | . . . . . . . . . . . . . 1 . . ignore_targets 6 | . . . . . . . . . . . . 6 . . . overload_power 2 | . . . . . . . . . . . . . 1 1 . amplify_resonance 4 | . . . . . . . . . . . . . 3 . 1 overwrite_iff 3 | . . . . . . . . . . . . . . 3 . formatsys_low 3 | . . . . . . . . . . . . . 1 1 1 formatsys_high 4 | . . . . . . . . . . 1 . . . 3 . Relay Couplers Released 64 | . . . . . . 14 . 11 . 20 . . 1 17 1 Machine Destruction 61 | . . . . . . 14 . 8 . 20 . . 1 17 1 Programmers 3 | . . . . . . . . 3 . . . . . . . Attached 14 | . . . . . . . . . 1 4 . . 1 8 . Fabnet Peak Effective % . | . . . . . . . . . . . . . . . . Robots Rewired 14 | . . . . . . 4 . . . . . . . 10 . Allies Hacked 2 | . . . . . . . . . . . . . 1 . 1 Hacks Repelled . | . . . . . . . . . . . . . . . . Allies | -11 -10 -10 -10 -9 -8 -8 -8 -8 -7 -7 -6 -6 -6 -6 -5 -------- Run | Yrd Mat Min Exi Min Mat Gar Mat Gar Fac Gar Fac Was Fac Gar Fac Total Allies 34 | . . 4 . . . 6 . . . 2 . . 1 19 2 Largest Group 8 | . . 4 3 3 . 4 1 . . 1 . . 1 8 6 Highest-Rated Group 154 | . . 71 40 40 . 71 15 . . 32 . . 10 154 140 Highest-Rated Ally 51 | . . 31 16 16 . 31 15 . . 32 . . 10 51 41 Total Orders 3 | . . . . 1 . . . . . . . . . 2 . STAY 1 | . . . . 1 . . . . . . . . . . . ROAM 1 | . . . . . . . . . . . . . . 1 . AID 1 | . . . . . . . . . . . . . . 1 . Ally Attacks 272 | . . 26 . 27 . 29 2 . . 6 . . . 96 86 Total Damage 7101 | . . 279 . 189 . 600 35 . . 170 . . . 2432 3396 Kills 47 | . . 3 . 5 . 8 . . . 2 . . . 19 10 Allies Corrupted . | . . . . . . . . . . . . . . . . Allies Melted . | . . . . . . . . . . . . . . . . Turrets Deployed 3 | . . . . . . . . . . . . . . . 3 Intel | -11 -10 -10 -10 -9 -8 -8 -8 -8 -7 -7 -6 -6 -6 -6 -5 ------- Run | Yrd Mat Min Exi Min Mat Gar Mat Gar Fac Gar Fac Was Fac Gar Fac Active Infowar (turns) 1699 | . . . . 457 722 247 182 89 . . . . . 2 . Structural 1697 | . . . . 457 722 247 182 89 . . . . . . . Machine Analysis 2 | . . . . . . . . . . . . . . 2 . Robot Analysis Total . | . . . . . . . . . . . . . . . . Derelict Logs Recovered 3 | . . 2 . 1 . . . . . . . . . . . Drone Launches . | . . . . . . . . . . . . . . . . Drone Recoveries . | . . . . . . . . . . . . . . . . Exploration | -11 -10 -10 -10 -9 -8 -8 -8 -8 -7 -7 -6 -6 -6 -6 -5 ------------- Run | Yrd Mat Min Exi Min Mat Gar Mat Gar Fac Gar Fac Was Fac Gar Fac Turns Passed 12328 | 15 33 777 661 995 722 1284 182 772 145 1545 82 204 997 2504 1410 Spaces Moved 8541 | 23 61 764 527 578 495 765 140 495 115 964 73 187 797 1664 893 Core 395 | 23 61 261 . . . . . . . . . . . . 50 Treads 9 | . . . . 1 . 3 . 1 . 4 . . . . . Legs 4280 | . . . . . . . . . . 716 73 187 797 1664 843 Wheels 3857 | . . 503 527 577 495 762 140 494 115 244 . . . . . Hover . | . . . . . . . . . . . . . . . . Flight . | . . . . . . . . . . . . . . . . Fastest Speed 50 | 50 50 50 95 105 101 120 120 120 120 100 100 100 60 60 50 Average Speed 106 | 50 50 82 120 131 111 121 120 120 120 107 100 100 99 100 104 Slowest Speed 400 | 50 50 100 140 320 120 400 120 305 120 230 100 100 176 176 260 Overloaded Moves 105 | . . . . . . . . . . . . . 49 29 27 Propulsion Burnouts . | . . . . . . . . . . . . . . . . Robots Hopped . | . . . . . . . . . . . . . . . . Potential Cave-ins . | . . . . . . . . . . . . . . . . Cave-ins Triggered . | . . . . . . . . . . . . . . . . Exploration Rate (%) 49 | 4 23 95 73 69 43 69 14 59 3 90 3 98 25 95 27 Regions Visited 15 Branch Regions 3 Pre-discovered Areas 1 | . . . 1 . . . . . . . . . . . . Known Exits Taken 5 | . . 1 . . 1 . 1 . 1 . . . 1 . . Unknown Exits Taken 4 | 1 1 . 1 1 . . . . . . . . . . . Scrap Searched 4 | . . 2 . 2 . . . . . . . . . . . Spaces Dug 84 | . . . . . 8 45 . . . 3 . . 24 . 4 Terrain Destroyed 579 | . . . . . 69 84 . 60 . 89 . . 128 59 90 Melee 4 | . . . . . . . . . . . . . . . 4 Projectile 38 | . . . . . . . . . . 4 . . 30 4 . AOE 526 | . . . . . 69 84 . 60 . 85 . . 98 51 79 Terrain Rammed . | . . . . . . . . . . . . . . . . Walls Destroyed . | . . . . . . . . . . . . . . . . Machines Disabled . | . . . . . . . . . . . . . . . . Actions | -11 -10 -10 -10 -9 -8 -8 -8 -8 -7 -7 -6 -6 -6 -6 -5 --------- Run | Yrd Mat Min Exi Min Mat Gar Mat Gar Fac Gar Fac Was Fac Gar Fac Total 10683 | 24 62 864 556 770 620 1001 152 588 121 1259 81 199 953 2290 1143 Wait 570 | . . 40 6 118 42 22 . 11 . 53 . . 42 215 21 Move 8530 | 22 60 763 526 577 495 764 140 494 114 963 73 186 797 1663 893 Hop . | . . . . . . . . . . . . . . . . Pick Up 137 | . 2 9 15 17 10 6 1 5 1 20 1 . 10 27 13 Fast Attach 91 | 2 . 6 . 6 8 . 3 5 . 7 2 2 8 24 18 Attach 46 | . . . . 3 4 3 . 2 1 5 1 . 5 6 16 Detach 7 | . . . . . 1 . . . . . . . . 2 4 Swap 139 | . . 1 1 4 15 21 2 12 3 22 1 . 12 29 16 Drop 198 | . . 5 8 18 19 6 5 5 1 31 1 2 15 57 25 Fire 592 | . . 40 . 27 26 72 1 44 1 70 2 9 56 128 116 Melee 15 | . . . . . . . . . . . . . . . 15 Ram 1 | . . . . . . . . . . . . . . 1 . Kick 19 | . . . . . . . . . . . . . 7 7 5 Crush 81 | . . . . . . . . . . 81 . . . . . Escape Stasis 99 | . . . . . . 78 . 10 . 6 . . . 5 . Rewire 157 | . . . . . . 29 . . . 1 . . 1 126 . Trap 1 | . . . . . . . . . . . . . . . 1 Miscellaneous . | . . . . . . . . . . . . . . . . Route ------- -11/Scrapyard -10/Materials -10/Mines (discovered 3 exits: [*Mat x2] / *Exi) -10/Exiles -9/Mines -8/Materials (discovered 2 exits: Sto / Gar) -8/Garrison (discovered 2 exits: *Mat x2) -8/Materials -8/Garrison (discovered 2 exits: *Fac x2) -7/Factory -7/Garrison (discovered 3 exits: *Fac x3) -6/Factory -6/Waste -6/Factory (discovered 2 exits: *Fac / Gar) -6/Garrison (discovered 3 exits: *Fac x3) -5/Factory (discovered 1 exit: *Fac) History --------- Turn | Location | Event 4 | -11/Scrapyard | Discovered new exit (range 15) 16 | -11/Scrapyard | Entered Materials 42 | -10/Materials | Discovered new exit (range 7) 49 | -10/Materials | Entered Mines 85 | -10/Mines | Received a Rocket Launcher from a helpful Derelict 105 | -10/Mines | Learned location of 1 exit from Materials 123 | -10/Mines | Received a Mining Laser from a helpful Derelict 227 | -10/Mines | Assisted by bots powering up and referring to "LRC-V3" 266 | -10/Mines | Discovered new exit (range 7) 302 | -10/Mines | Build established: Mutant 315 | -10/Mines | Discovered new exit (range 9) 454 | -10/Mines | Identified exit to Exiles 793 | -10/Mines | Deemed a non-threat by the Exiles lab entrance 826 | -10/Mines | Entered Exiles 826 | -10/Exiles | Accompanied by 3 allies 851 | -10/Exiles | Met 8R-AWN 866 | -10/Exiles | Met EX-HEX 893 | -10/Exiles | Met EX-BIN 904 | -10/Exiles | Aligned with FarCom system 905 | -10/Exiles | Given EX-Vault access code 928 | -10/Exiles | Opened EX-Vault 956 | -10/Exiles | Warned to stay clear of 0b10 Research branches 985 | -10/Exiles | Met EX-DEC 991 | -10/Exiles | Learned location of Zion (-6) 1320 | -10/Exiles | Found Deploy-a-Sentry 1322 | -10/Exiles | Found Deploy-a-Sentry 1325 | -10/Exiles | Found Deploy-a-Sentry 1328 | -10/Exiles | Found AWS/Gauss 1334 | -10/Exiles | Found Potential Leg 1336 | -10/Exiles | Found Potential Leg 1462 | -10/Exiles | Discovered new exit (range 14) 1487 | -10/Exiles | Stole three prototypes: Potential Leg, AWS/Gauss, Deploy-a-Sentry 1487 | -10/Exiles | Entered Mines 1487 | -9/Mines | Accompanied by 3 allies 1628 | -9/Mines | Assembled infested the area 2233 | -9/Mines | Learned Materials interactive machine intel 2235 | -9/Mines | Build established: Scavenger-Mutant 2251 | -9/Mines | Found a hidden stash of uninstalled traps 2434 | -9/Mines | Discovered new exit (range 14) 2482 | -9/Mines | Entered Materials 2482 | -8/Materials | Evolved 4 slots: Propulsion x1, Utility x2, Weapon x1 2483 | -8/Materials | Identified exit to Storage 2484 | -8/Materials | Loaded intel: 19 interactive machine locations 2836 | -8/Materials | Build established: Scavenger-Skirmisher 3204 | -8/Materials | Identified exit to Garrison 3204 | -8/Materials | Entered Garrison 3414 | -8/Garrison | Rescued a captive Derelict 3417 | -8/Garrison | Rescued a captive Derelict 3493 | -8/Garrison | Triggered checkpoint 3596 | -8/Garrison | Triggered checkpoint 3614 | -8/Garrison | Triggered checkpoint 3649 | -8/Garrison | Garrison Relay disabled 3775 | -8/Garrison | Build established: Tank 3807 | -8/Garrison | Triggered checkpoint 3819 | -8/Garrison | Discovered new exit (range 12) 3852 | -8/Garrison | Triggered checkpoint 3885 | -8/Garrison | Garrison Relay disabled 3920 | -8/Garrison | Installed Relay Interface Framework 4082 | -8/Garrison | Triggered checkpoint 4233 | -8/Garrison | Discovered new exit (range 12) 4312 | -8/Garrison | Triggered checkpoint 4356 | -8/Garrison | Garrison Relay disabled 4488 | -8/Garrison | Entered Materials 4488 | -8/Materials | Accompanied by 1 ally 4497 | -8/Materials | Build established: Skirmisher 4670 | -8/Materials | Identified exit to Garrison 4670 | -8/Materials | Entered Garrison 4732 | -8/Garrison | Triggered checkpoint 4850 | -8/Garrison | Garrison Relay disabled 4900 | -8/Garrison | Triggered checkpoint 5051 | -8/Garrison | Discovered new exit (range 12) 5094 | -8/Garrison | Triggered checkpoint 5132 | -8/Garrison | Expanded RIF knowledge: Watcher Feeds 5142 | -8/Garrison | Build established: Bothacker-Skirmisher 5160 | -8/Garrison | Garrison Relay disabled 5220 | -8/Garrison | Learned Factory security intel 5346 | -8/Garrison | Expanded RIF knowledge: Program Shield 5364 | -8/Garrison | Discovered new exit (range 10) 5442 | -8/Garrison | Entered Factory 5442 | -7/Factory | Evolved 2 slots: Utility x2 5444 | -7/Factory | FarCom data flow suspended 5513 | -7/Factory | Identified exit to Garrison 5587 | -7/Factory | Entered Garrison 5623 | -7/Garrison | Triggered checkpoint 5685 | -7/Garrison | Triggered checkpoint 5751 | -7/Garrison | Build established: Bothacker-Tank 5896 | -7/Garrison | Garrison Relay disabled 5963 | -7/Garrison | Triggered checkpoint 5993 | -7/Garrison | Triggered checkpoint 6057 | -7/Garrison | Triggered checkpoint 6062 | -7/Garrison | Destroyed 11 combat bots 6189 | -7/Garrison | Discovered new exit (range 12) 6306 | -7/Garrison | Phase Generator disabled 6497 | -7/Garrison | Triggered checkpoint 6519 | -7/Garrison | Garrison Relay disabled 6642 | -7/Garrison | Rescued a captive Derelict 6643 | -7/Garrison | Rescued a captive Derelict 6674 | -7/Garrison | Discovered new exit (range 13) 6707 | -7/Garrison | Triggered checkpoint 6737 | -7/Garrison | Garrison Relay disabled 6835 | -7/Garrison | Triggered checkpoint 7062 | -7/Garrison | Garrison Relay disabled 7083 | -7/Garrison | Discovered new exit (range 9) 7091 | -7/Garrison | Expanded RIF knowledge: Hotswap 7123 | -7/Garrison | Garrison Relay disabled 7132 | -7/Garrison | Entered Factory 7132 | -6/Factory | Evolved 2 slots: Utility x2 7214 | -6/Factory | Sucked down chute 7214 | -6/Factory | Entered Waste 7229 | -6/Waste | EMP discharged 7302 | -6/Waste | Spotted C-40 Crusher 7305 | -6/Waste | Spotted C-40 Crusher 7309 | -6/Waste | Spotted C-40 Crusher 7311 | -6/Waste | Spotted C-40 Crusher 7329 | -6/Waste | EMP discharged 7329 | -6/Waste | System corruption reached 10% 7339 | -6/Waste | Spotted C-40 Crusher 7347 | -6/Waste | Spotted C-40 Crusher 7373 | -6/Waste | Discovered new exit (range 11) 7380 | -6/Waste | Build established: Botlord-Tank 7418 | -6/Waste | Entered Factory 7471 | -6/Factory | Discovered new exit (range 12) 7920 | -6/Factory | Build established: Bothacker-Tank 7948 | -6/Factory | AWS/Gauss suddenly broke down 8176 | -6/Factory | Spotted B-75 Beast 8253 | -6/Factory | Destroyed B-75 Beast 8277 | -6/Factory | AWS/Gauss suddenly broke down 8377 | -6/Factory | Garrison activated, responded to threat 8415 | -6/Factory | Identified exit to Garrison 8415 | -6/Factory | Entered Garrison 8435 | -6/Garrison | Phase Generator disabled 8541 | -6/Garrison | Garrison Relay disabled 8549 | -6/Garrison | Triggered checkpoint 8900 | -6/Garrison | Found Relay Coupler [Proto] 8902 | -6/Garrison | Found Relay Coupler [Proto] 8905 | -6/Garrison | Found Relay Coupler [Proto] 8907 | -6/Garrison | Found Relay Coupler [Proto] 9119 | -6/Garrison | Triggered checkpoint 9203 | -6/Garrison | Build established: Botlord-Tank 9212 | -6/Garrison | Discovered new exit (range 7) 9341 | -6/Garrison | Triggered checkpoint 9517 | -6/Garrison | Triggered checkpoint 9535 | -6/Garrison | Expanded RIF knowledge: Alert ID Control 9544 | -6/Garrison | Garrison Relay disabled 9790 | -6/Garrison | Triggered checkpoint 9889 | -6/Garrison | Triggered checkpoint 9899 | -6/Garrison | Garrison Relay disabled 9940 | -6/Garrison | Discovered new exit (range 14) 10162 | -6/Garrison | Rescued a captive Derelict 10163 | -6/Garrison | Rescued a captive Derelict 10309 | -6/Garrison | Garrison Relay disabled 10381 | -6/Garrison | Triggered checkpoint 10397 | -6/Garrison | Triggered checkpoint 10433 | -6/Garrison | Triggered checkpoint 10435 | -6/Garrison | Core integrity fell below 50% 10621 | -6/Garrison | Triggered checkpoint 10675 | -6/Garrison | Discovered new exit (range 14) 10833 | -6/Garrison | Build established: Bothacker-Tank 10886 | -6/Garrison | Lost 3 allies 10919 | -6/Garrison | Entered Factory 10919 | -5/Factory | Accompanied by 5 allies 10919 | -5/Factory | Evolved 2 slots: Propulsion x1, Weapon x1 11231 | -5/Factory | Lost 3 allies 11584 | -5/Factory | Discovered new exit (range 26) 11609 | -5/Factory | P-70 Sage assimilated allied Slayer 5d 11727 | -5/Factory | Identified exit to Factory 11769 | -5/Factory | Spotted B-75 Beast 11819 | -5/Factory | First assault squad dispatched 11891 | -5/Factory | Cargo convoy interrupted 11959 | -5/Factory | Identified exit to Garrison 12010 | -5/Factory | Garrison activated, responded to threat 12116 | -5/Factory | DAS Turret deployed 12119 | -5/Factory | DAS Turret deployed 12126 | -5/Factory | Destroyed 8 combat bots 12127 | -5/Factory | DAS Turret deployed 12187 | -5/Factory | Lost 3 allies 12273 | -5/Factory | Core integrity fell below 50% 12297 | -5/Factory | Core integrity fell below 20% 12327 | -5/Factory | Lost 23 parts (2p8n3u10w) 12329 | -5/Factory | Destroyed by G-67 Veteran with Field Laser Last Messages --------------- 12297_ The unstable cave ceiling collapses. 12297_ Penetrated by Slug. 12297_ K-01 Serf collects debris. 12297_ Slug penetrates Terminal. 12297_ Penetrated by Slug. 12297_ Acquired Flexi-carbon Leg. 12300_ Slug penetrates Terminal. 12300_ Penetrated by Slug. 12300_ Acquired Flexi-carbon Leg. 12301_ K-01 Serf collects debris. 12302_ U-05 Engineer lays Concrete. 12305_ Acquired 34 matter. 12306_ Dropped Stasis Trap. 12306_ Installed Stasis Trap. 12314_ Penetrated by Slug. 12315_ K-01 Serf collects debris. 12317_ Acquired 71 matter. 12318_ Slug penetrates Wall. 12318_ Penetrated by Slug. 12324_ Acquired Huge Storage Unit. Map ----- +----------------------------------------------------+ | #?#" ##?????????????????????## %[ [[ | | #?#" "#???????????????????#### * | | #?# ###############?????# ###/####### | | #?# < "# #######""""" # ##?#^##????? | | #?# ##"" ]## %##??# #?????? | | #?## ###"" """ """ ## #???# #?????? | | #??# #?#"T """ """ ## ##### ####### | | #### #?#"" """ """ ## " " | | # #?#"" ## ""G" ####### | | # #?# """ """ ## " % #?????? | | # ### """ """ #######""""""" " #?????? | | # # """ """ #????#] " ## ### #?????? | | + # ##???# ###?# #?# #?????? | | # # * "#???# """ #???# #?#+#?????? | | # # [ ! ##???# """ #???#% #?????????? | | # ####+###+#####????# """ ##### #?????????? | | # =%!#???????# + #?????????? | | #### = ######### """ ### #?????????? | | ???# # ## """ #?# #?????????? | | ???### # ## """ #?# #?????????? | | ?????# *[ # ## #?# ##????????? | | ?????# %= # ## #?# T#????????? | | ????## = % =+ ## #?# ##????????? | | ###### [ % # #####+#### #?????????? | | % =% ####+####### #?????????? | | ############ % @ % #?????????? | | ?########### % % A % #?????????? | | ?# # R k % hw #?????????? | | ?# """ # #?????????? | | ?# ""T"" # #?????????? | | ?# "" "" %% #?????????? | | ## # ?????? | | + # ???? | | ## # gg ^############# ???? | | ?# # ########+#???????????########## ??? | | ?########+## T?????? ????????????????????? ??? | | ????????? ?????# ???????????????????????? | | ????????? #?????# #??????????????????????? | | ????????? #?????# #??????????????????????? | | ???????? ????+ #??????????????????????? | | ??????? ???# #??????????????????????? | | ?????? #??####+###??????????????????????? | | ????"?" ##### #????????????????????????????????? | | "????"" ??????#????????????????????????????????? | | ""????" ???????????????????????????????????????? | | ??? ???????????????????????????????????????? | | ? ??????????????????????????????????????????????? | | ? ?????????????????????????????????????????????? | | ?????????????????????????????????????????????????? | | ?????????????????????????????????????????????????? | +----------------------------------------------------+ Best States ------------- Heat Dissipation 109 Energy Generation 19 Energy Capacity 500 Matter Stores 500 Matter Capacity 500 Sight Range 16 Terrain Scan Density 10 Additional Mass Support 12 Armor Coverage 825 Resistance: KI 25 Resistance: TH 25 Utility Shielding 33 Evasion (%) 63 Targeting Accuracy 10 Target Analysis 6 Core Analysis 6 Recoil Reduction 3 Offensive Hacking 10 Relay Coupler Types 3 Relay Coupler Value 96 Item Schematics ----------------- Arm. Wheel | -8/Materials | Scanalyzed Hcp. Storage Unit | -8/Materials | Hacked Imp. Propulsion Shielding | -8/Materials | Hacked Robot Schematics ------------------ None Fabricated ------------ Nothing Repaired ---------- Nothing Alien Tech Used ----------------- None Achievements -------------- None Challenges ------------ None Game ------ Seed PiercingLightpackSegregator Manual? 0 Play Time 01:51:38 Cumulative 317.5 hours Start 2025.06.29 @ 16:49:39 End 2025.06.29 @ 18:38:30 Sessions 1 Manual Loads 0 Difficulty Rogue Special Mode None Game No. 279 Rogue 279 Adventurer 0 Explorer 0 Win Type - Total 2 Types 1/1/0/0/0/0/0/0/0/0 Lore% 78 Gallery% 81 Achievement% 72 Wizard Run 0 Options --------- Layout 1 ASCII 0 Keyboard 0 Movement Numpad Keybinds 0 Fullscreen 1 Font 24/Smallcaps Map View 50x35 Zoom Use 0% Tactical HUD 1 Map Filters NONE Filters NONE Steam 1 RUN: 22f3f3ec-7f80-45ed-a9e8-00084ecda82f